 Dungeon Crawl Stone Soup version 0.18.1-47-g9310371 (webtiles) character file.

131259 protoss039 the Warrior (level 16, -7/152 HPs)
             Began as a Minotaur Fighter on June 16, 2016.
             Was a High Priest of Okawaru.
             Mangled by an orc warrior
             ... wielding a +1 glaive of protection
              (33 damage)
             ... on level 2 of the Orcish Mines.
             The game lasted 01:51:58 (30592 turns).

protoss039 the Warrior (Minotaur Fighter)          Turns: 30592, Time: 01:51:59

Health: -7/152     AC: 28    Str: 29    XL:     16   Next: 54%
Magic:  27/32      EV: 12    Int:  8    God:    Okawaru [*****.]
Gold:   1975       SH: 20    Dex: 16    Spells: 0 memorised, 15 levels left

rFire  . . .     SeeInvis .     A - +4 broad axe (chop)
rCold  . . .     Gourm    .     c - +1 plate armour {rPois}
rNeg   + . .     Faith    .     y - +3 shield "Jacoqex" {rPois Str+2 Int+3}
rPois  +         Spirit   .     C - +0 hat {MR+}
rElec  .         Dismiss  .     F - +0 cloak
rCorr  .         Reflect  .     Z - +1 pair of gloves {Dex+3}
SustAt .         Harm     +     T - +2 pair of boots {Stlth+}
MR     ++...                    X - amulet of harm
Stlth  ..........               x - ring of positive energy
                                Q - ring "Xaise" {MP+9 Dex+2}

@: exhausted, heroism, finesse, very slightly contaminated, very resistant to
hostile enchantments, extremely unstealthy
A: retaliatory headbutt, horns 2, talons 1
a: Heroism, Finesse, Renounce Religion


You were on level 2 of the Orcish Mines.
You worshipped Okawaru.
Okawaru was extremely pleased with you.
You were not hungry.

You visited 4 branches of the dungeon, and saw 26 of its levels.
You visited the Abyss 1 time.

You collected 2510 gold pieces.
You spent 535 gold pieces at shops.

Inventory:

Hand Weapons
 A - a +4 broad axe of chopping (weapon)
 G - the +9 mace of the Vestibule of Hell {drain, *Noise rC+ Int+5}
   (You found it on level 6 of the Dungeon)

   A truly terrible weapon, it drains the life of those it strikes.
   It affects your intelligence (+5).
   It protects you from cold.
   It may make noises in combat.
 N - a +2 demon whip of freezing
Missiles
 h - 8 tomahawks of returning (quivered)
 v - 7 exploding tomahawks
Armour
 c - a +1 plate armour of poison resistance (worn)
 y - the +3 shield "Jacoqex" (worn) {rPois Str+2 Int+3}
   (You bought it in a shop on level 14 of the Dungeon)

   It affects your strength (+2).
   It affects your intelligence (+3).
   It protects you from poison.
 C - a +0 hat of magic resistance (worn)
 F - a +0 cloak (worn)
 T - a +2 pair of boots of stealth (worn)
 Z - a +1 pair of gloves of dexterity (worn)
Jewellery
 d - an uncursed amulet of rage
 x - a ring of positive energy (right hand)
 K - the ring "Nioqaf" {Ice Int-5 Dex+5}
   (You found it on level 8 of the Dungeon)

   [ring of ice]

   It enhances your ice magic, and weakens your fire magic.
   It affects your intelligence (-5).
   It affects your dexterity (+5).
   It makes you vulnerable to fire.
   It protects you from cold.
 Q - the ring "Xaise" (left hand) {MP+9 Dex+2}
   (You found it on level 2 of the Lair of Beasts)

   [ring of magical power]

   It affects your dexterity (+2).
   It affects your magic capacity (+9).
 X - an amulet of harm (around neck)
Wands
 j - a wand of disintegration (14/24)
 z - a wand of paralysis (2/24)
 J - a wand of confusion (11/48)
 P - a wand of digging (12/24)
 U - a wand of slowing (26/48)
 V - a wand of disintegration (8/24)
Scrolls
 b - 8 scrolls of magic mapping
 e - 4 scrolls of enchant armour
 k - 2 scrolls of fear
 l - 18 scrolls of remove curse
 m - 3 scrolls of identify
 p - 4 scrolls of recharging
 r - 2 scrolls of blinking
 w - 5 scrolls of teleportation
 B - a scroll of enchant weapon
 I - a scroll of silence
 L - 4 scrolls of summoning
 M - a scroll of holy word
Potions
 g - 6 potions of flight
 t - a potion of cure mutation
 D - a potion of invisibility
 E - a potion of heal wounds
 H - 2 potions of brilliance
 O - 2 potions of agility
 S - 2 potions of cancellation
Books
 n - a book of Minor Magic

   Spells                             Type                      Level
   a - Magic Dart                     Conjuration                  1
   b - Blink                          Translocation                2
   c - Call Imp                       Summoning                    2
   d - Repel Missiles                 Charms/Air                   2
   e - Slow                           Hexes                        2
   f - Conjure Flame                  Conjuration/Fire             3
   g - Mephitic Cloud                 Conjuration/Poison/Air       3
 R - a book of Transfigurations

   Spells                             Type                      Level
   a - Irradiate                      Conjuration/Transmutation    5
   b - Statue Form                    Transmutation/Earth          6
   c - Hydra Form                     Transmutation                6
   d - Dragon Form                    Transmutation                7
 W - Soinaxi's Tome of Shifting Envenoming
   (You found it on level 3 of the Lair of Beasts)

   Spells                             Type                      Level
   a - Sting                          Conjuration/Poison           1
   b - Cure Poison                    Poison                       2
   c - Venom Bolt                     Conjuration/Poison           5
   d - Irradiate                      Conjuration/Transmutation    5
   e - Dragon Form                    Transmutation                7
Comestibles
 f - 17 bread rations
 i - 19 royal jellies
 q - 10 fruits
 s - 7 meat rations


   Skills:
 * Level 16.6(21.6) Fighting
 * Level 15.8(21.2) Axes
 + Level 6.5(17.2) Maces & Flails
 * Level 9.4(14.4) Throwing
 + Level 13.7(18.7) Armour
 - Level 1.2(6.2) Dodging
 + Level 15.5(20.5) Shields
 * Level 11.0 Invocations
 + Level 1.6 Evocations


You had 15 spell levels left.
You didn't know any spells.

Dungeon Overview and Level Annotations

Branches:
Dungeon (15/15)            Temple (1/1) D:4            Lair (8/8) D:8
 Shoals (0/4) Lair:5        Snake (0/4) Lair:6        Slime (0/6) Lair:8
    Orc (2/2) D:10         Vaults (0/5) D:14         Depths (0/5) D:15
    Elf: Orc:2

Altars:
Ashenzari
Cheibriados
Dithmenos
Elyvilon
Fedhas
Gozag
Kikubaaqudgha
Makhleb
Nemelex Xobeh
Okawaru
Pakellas
Qazlal
Ru
Sif Muna
Trog
Vehumet
Xom
Yredelemnul
Zin
The Shining One
Jiyva

Shops:
D:9 }   D:12 *}   D:14 [   D:15 %   Orc:2 *!


Innate Abilities, Weirdness & Mutations

You reflexively headbutt those who attack you in melee.
You have a pair of horns on your head.
You have sharp toenails.


Message History

Unknown command.
You slice the orc high priest!!
You kill the orc high priest!
Okawaru accepts your kill.
You hit the orc knight but do no damage.
The orc knight is severely wounded.
You slash the orc warrior!
You kill the orc warrior!
Okawaru accepts your kill. You block the red devil's attack.
The orc knight hits you with a great mace.
* * * LOW HITPOINT WARNING * * *
An orc high priest comes into view. It is wielding a mace.
Unknown command.
Unknown command.
You completely miss the orc knight.
The orc knight is severely wounded.
You feel yourself speed up.
The orc warrior hits you from afar with a glaive of protection!!
You die...

..# . ..# ......
o. ... .#... #..
...## ....
.o##.#.## ...
...o..## ..##
##.#)o...# ...##
#...)@..# ....##
#..##)#.##
.#...## ##4))##
.).)..## ##)()#
### )###...##
##)))## ###.#
.)###[..###...##
###..###
#[[###...#...##
##......#
##))###.#.#.##
##......###
##)(###...#####
### ##..........


You could see an orc knight, an orc high priest, an orc sorcerer, a red devil
and an orc warrior.

Vanquished Creatures
  Rupert (D:13)
  Agnes (D:15)
  A tentacled starspawn (Abyss:2)
  Gastronok (Lair:1)
  A fire giant (D:15)
  Maud (Lair:3)
  The ghost of Malvoorn the Brawler, a journeyman TrMo of Okawaru (Orc:2)
  A starcursed mass (Abyss:2)
  A fire dragon (Lair:8)
  Erolcha (D:13)
  10 hydras
  A death knight (D:14)
  4 centaur warriors
  Erica (D:8)
  3 ogre magi
  The ghost of mikered the Cleaver, a novice MiFi of Makhleb (D:11)
  13 death yaks
  3 orc high priests (Orc:2)
  Nergalle (D:10)
  A soul eater (Orc:2)
  A sun demon (Orc:2)
  2 skeletal warriors (D:14)
  A wretched star (Abyss:2)
  3 unseen horrors
  5 lindwurms
  A golden dragon skeleton (Abyss:2)
  5 hill giants
  5 orc knights
  The ghost of Zleub the Covered, a novice HuFi of Okawaru (D:6)
  3 orc sorcerers (Orc:2)
  2 wolf spider zombies
  21 ugly things
  An oklob plant (Lair:6)
  2 deep elf magi
  3 griffons
  A manticore (D:14)
  A cyclops (D:11)
  A sixfirhy (Abyss:2)
  14 elephants
  2 guardian serpents (D:15)
  6 black mambas
  2 gargoyles
  An orange demon (Abyss:2)
  6 torpor snails (Lair:8)
  15 spiny frogs
  3 freezing wraiths
  9 komodo dragons
  4 rime drakes
  A kobold demonologist (D:15)
  A queen bee (D:10)
  3 ancient zymes (Abyss:2)
  9 polar bears
  A boulder beetle (Lair:6)
  2 trolls
  5 giant leeches (Lair:8)
  4 raiju
  19 blink frogs
  5 two-headed ogres (D:14)
  7 slime creatures
  6 shadows
  7 small abominations (Abyss:2)
  A centaur simulacrum (D:15)
  2 wraiths
  47 yaks
  2 ynoxinuls (Abyss:2)
  7 basilisks
  5 wyverns
  4 hungry ghosts
  6 hippogriffs
  A chaos spawn (Orc:2)
  3 large abominations (Abyss:2)
  2 neqoxecs (Orc:2)
  Menkaure (D:7)
  A steam dragon (D:14)
  5 wargs (Lair:8)
  4 nagas (Lair:6)
  A soldier ant (D:13)
  18 porcupines
  20 water moccasins
  7 hell hounds (Lair:8)
  2 ice beasts
  3 sky beasts
  18 black bears
  26 orc warriors
  3 wasps (Lair:8)
  2 eyes of draining
  A phantom (D:11)
  2 necrophages
  A swamp dragon zombie (Abyss:2)
  15 ogres
  11 centaurs
  A tengu (shapeshifter) (D:13)
  31 wolves
  2 big kobolds (D:14)
  24 crocodiles
  A gnoll sergeant (D:11)
  20 giant frogs
  A wyvern zombie (D:12)
  3 scorpions
  A water moccasin skeleton (D:11)
  9 wights
  17 killer bees
  4 electric eels
  A howler monkey (D:10)
  5 crimson imps
  A quasit (D:12)
  5 centaur zombies
  19 hounds
  20 orc priests
  4 giant frog skeletons
  Crazy Yiuf (D:6)
  3 jellies
  17 orc wizards
  6 centaur skeletons
  12 iguanas
  7 worker ants
  24 sheep
  A hound skeleton (D:10)
  A worker ant zombie (D:8)
  9 gnolls
  12 adders
  23 river rats
  3 shadow imps
  A white imp (Abyss:2)
  An ooze (Lair:8)
  An adder zombie (D:7)
  19 worms (Lair:8)
  2 dart slugs
  2 giant geckos
  54 orcs
  2 ball pythons
  5 giant cockroaches
  9 goblins
  9 hobgoblins
  12 jackals
  10 kobolds
  A quokka (D:4)
  11 bats
  A giant newt (D:1)
  A quokka zombie (D:6)
  10 rats
  14 fungi
  8 plants
921 creatures vanquished.

Vanquished Creatures (others)
  An ogre mage (D:14)
  A centaur (D:15)
  An orc (D:15)
  7 fungi
  22 plants (Lair:8)
  5 starspawn tentacles (Abyss:2)
  6 starspawn tentacle segments (Abyss:2)
43 creatures vanquished.

Grand Total: 964 creatures vanquished

Notes
Turn   | Place    | Note
--------------------------------------------------------------
     0 | D:1      | protoss039 the Minotaur Fighter began the quest for the Orb.
     0 | D:1      | Reached XP level 1. HP: 19/19 MP: 0/0
   124 | D:1      | Reached XP level 2. HP: 26/27 MP: 1/1
   332 | D:1      | Reached skill level 1 in Dodging
   426 | D:1      | Reached skill level 4 in Fighting
   546 | D:1      | Reached XP level 3. HP: 33/33 MP: 2/2
  1544 | D:2      | Reached XP level 4. HP: 39/40 MP: 3/3
  1646 | D:2      | Found a shimmering altar of Xom.
  2300 | D:3      | Found a snail-covered altar of Cheibriados.
  2450 | D:3      | Reached skill level 5 in Armour
  2539 | D:3      | Reached XP level 5. HP: 41/47 MP: 4/4
  2893 | D:4      | Noticed an ogre
  2894 | D:4      | Found a staircase to the Ecumenical Temple.
  2897 | D:4      | Noticed an ogre
  2899 | D:4      | Killed an ogre
  2997 | D:3      | Killed an ogre
  2997 | D:3      | Reached skill level 5 in Shields
  2997 | D:3      | Reached XP level 6. HP: 16/53 MP: 5/5
  3307 | Temple   | Entered the Ecumenical Temple
  3733 | Temple   | Became a worshipper of Warmaster Okawaru
  3806 | D:4      | Noticed a wyvern
  3816 | D:4      | Killed a wyvern
  3827 | D:4      | Gained mutation: You have a pair of large horns on your head. [potion of mutation]
  3827 | D:4      | Gained mutation: You have sharp toenails. [potion of mutation]
  3827 | D:4      | Gained mutation: Your spells are a little easier to cast, but a little less powerful. [potion of mutation]
  3999 | D:4      | Reached XP level 7. HP: 60/60 MP: 6/6
  4148 | D:4      | Reached skill level 5 in Fighting
  4148 | D:4      | Reached skill level 5 in Axes
  4543 | D:5      | Entered Level 5 of the Dungeon
  4697 | D:5      | Reached * piety under Okawaru
  4996 | D:5      | Found a glowing golden altar of the Shining One.
  5377 | D:6      | Found a radiant altar of Vehumet.
  5379 | D:6      | Noticed Zleub's ghost (novice HuFi)
  5400 | D:6      | Killed Zleub's ghost
  5400 | D:6      | Reached ** piety under Okawaru
  5400 | D:6      | Reached skill level 6 in Fighting
  5400 | D:6      | Reached skill level 1 in Invocations
  5400 | D:6      | Reached XP level 8. HP: 61/70 MP: 6/8
  5489 | D:6      | Found a shadowy altar of Dithmenos.
  5786 | D:6      | Found a deep blue altar of Sif Muna.
  5946 | D:6      | Noticed Crazy Yiuf
  5949 | D:6      | Killed Crazy Yiuf
  5957 | D:6      | Got a crude mace
  5959 | D:6      | Identified the +9 mace of the Vestibule of Hell {drain, *Noise rC+ Int+5} (You found it on level 6 of the Dungeon)
  6029 | D:7      | Found a sacrificial altar of Ru.
  6181 | D:7      | Reached XP level 9. HP: 27/78 MP: 6/9
  6445 | D:7      | Reached skill level 1 in Maces & Flails
  6459 | D:7      | Reached skill level 7 in Fighting
  6559 | D:7      | Reached *** piety under Okawaru
  6853 | D:7      | Noticed Menkaure
  6857 | D:7      | Killed Menkaure
  7374 | D:8      | Noticed Erica
  7380 | D:8      | Killed Erica
  7380 | D:8      | Reached **** piety under Okawaru
  7380 | D:8      | Reached skill level 8 in Fighting
  7468 | D:8      | Noticed an elephant
  7469 | D:8      | Found a staircase to the Lair.
  7482 | D:8      | Killed an elephant
  7482 | D:8      | Reached XP level 10. HP: 86/88 MP: 10/12
  7668 | D:8      | Found a bloodstained altar of Trog.
  7668 | D:8      | Found a blossoming altar of Fedhas.
  7673 | D:8      | Got a shimmering bronze ring
  7908 | D:9      | Found Qutogg's Gadget Shop.
  8126 | D:9      | Found a shattered altar of Ashenzari.
  8393 | D:10     | Entered Level 10 of the Dungeon
  8478 | D:10     | Reached ***** piety under Okawaru
  8489 | D:10     | Identified the ring "Nioqaf" {Ice Int-5 Dex+5} (You found it on level 8 of the Dungeon)
  8492 | D:10     | You fall through a shaft for 3 floors!
  8492 | D:13     | Noticed a griffon
  8500 | D:13     | Killed a griffon
  8517 | D:12     | Reached skill level 5 in Invocations
  8540 | D:12     | Reached skill level 9 in Fighting
  8629 | D:12     | Found Loaw's Gadget Shop.
  8737 | D:12     | Found a sacrificial altar of Ru.
  8744 | D:12     | Found Sizisch Saymu's Elemental Accessories.
  8748 | D:12     | Noticed an orc knight
  8799 | D:11     | Noticed a cyclops
  8810 | D:11     | Noticed mikered's ghost (novice MiFi)
  8815 | D:11     | Killed a cyclops
  8815 | D:11     | Reached skill level 5 in Maces & Flails
  8819 | D:11     | Noticed a green ugly thing
  8825 | D:11     | Killed mikered's ghost
  8825 | D:11     | Received a gift from Okawaru
  8825 | D:11     | Reached skill level 10 in Armour
  8831 | D:11     | Killed a green ugly thing
  8837 | D:11     | Reached XP level 11. HP: 57/99 MP: 8/14
  8881 | D:10     | Found a staircase to the Orcish Mines.
  9039 | D:10     | Noticed Nergalle
  9057 | D:10     | Killed Nergalle
  9168 | D:10     | Reached skill level 10 in Shields
  9185 | D:10     | Reached skill level 10 in Fighting
  9805 | D:11     | Found an iron altar of Okawaru.
  9854 | D:11     | Reached skill level 10 in Axes
  9860 | D:11     | Received a gift from Okawaru
 10346 | D:11     | Killed an orc knight
 10346 | D:11     | Reached skill level 1 in Throwing
 10410 | D:12     | Noticed a purple ugly thing
 10419 | D:12     | Killed a purple ugly thing
 10756 | D:12     | Received a gift from Okawaru
 11152 | D:13     | Noticed Rupert
 11195 | D:13     | Killed Rupert
 11195 | D:13     | Received a gift from Okawaru
 11195 | D:13     | Reached XP level 12. HP: 108/108 MP: 8/16
 11296 | D:13     | Noticed Erolcha
 11297 | D:13     | Paralysed by Erolcha for 2 turns
 11308 | D:13     | Killed Erolcha
 11308 | D:13     | Reached skill level 11 in Fighting
 11478 | D:13     | Reached ****** piety under Okawaru
 11478 | D:13     | Reached skill level 1 in Evocations
 11677 | D:13     | Received a gift from Okawaru
 11678 | D:13     | Got a pair of twisted gloves {god gift}
 12182 | D:13     | Noticed a four-headed hydra
 12186 | D:13     | Killed a four-headed hydra
 12539 | D:14     | Found a gate to the Vaults.
 12541 | D:14     | Noticed an ogre mage
 12548 | D:14     | Killed an ogre mage
 12752 | D:14     | Identified the +0 pair of gloves of Qisucoa {+Fly} (Okawaru gifted it to you on level 13 of the Dungeon)
 12783 | D:14     | Lost mutation: Your spells are a little easier to cast, but a little less powerful. [potion of cure mutation]
 12783 | D:14     | Lost mutation: You have a pair of large horns on your head. [potion of cure mutation]
 12842 | D:14     | Reached skill level 12 in Fighting
 13100 | D:14     | Found Vyesuun's Armour Shoppe.
 13127 | D:14     | Bought the +3 shield "Jacoqex" {rPois Str+2 Int+3} for 535 gold pieces
 13183 | D:14     | Noticed a centaur warrior
 13192 | D:14     | Killed a centaur warrior
 13216 | D:14     | Reached XP level 13. HP: 59/118 MP: 17/17
 13336 | D:14     | Received a gift from Okawaru
 14001 | D:14     | Received a gift from Okawaru
 14020 | D:14     | Identified a +0 pair of boots of running (Okawaru gifted it to you on level 14 of the Dungeon)
 14077 | D:15     | Entered Level 15 of the Dungeon
 14081 | D:15     | Noticed a fire giant
 14113 | D:15     | Found a staircase to the Depths.
 15512 | D:14     | Reached skill level 5 in Throwing
 15520 | D:14     | Reached skill level 13 in Fighting
 16099 | D:15     | Cast into level 2 of the Abyss (an ogre mage)
 16206 | Abyss:2  | Noticed a starcursed mass
 16227 | Abyss:2  | Killed a starcursed mass
 16597 | Abyss:2  | Received a gift from Okawaru
 16606 | Abyss:2  | Got a pair of faintly glowing boots {god gift}
 16617 | Abyss:2  | Identified the +1 pair of boots of Hide-and-Seek {Stlth+} (Okawaru gifted it to you on level 2 of the Abyss)
 16641 | Abyss:2  | Noticed a lich
 16998 | Abyss:2  | Reached XP level 14. HP: 82/130 MP: 19/19
 17011 | Abyss:2  | Noticed a tentacled starspawn
 17039 | Abyss:2  | Killed a tentacled starspawn
 17044 | D:15     | Escaped the Abyss
 17488 | D:15     | Killed a fire giant
 17488 | D:15     | Reached skill level 14 in Fighting
 17832 | D:15     | Noticed Agnes
 17871 | D:15     | HP: 5/132 [Agnes/stone (13)]
 17874 | D:15     | HP: 1/132 [Agnes/stone (5)]
 18392 | D:15     | Killed Agnes
 19396 | D:15     | Received a gift from Okawaru
 19698 | D:15     | Found Cotodiy's Food Shop.
 20131 | Lair:1   | Entered Level 1 of the Lair of Beasts
 20176 | Lair:1   | Received a gift from Okawaru
 20181 | Lair:1   | Noticed Gastronok
 20189 | Lair:1   | Found a shimmering altar of Xom.
 20203 | Lair:1   | Killed Gastronok
 22145 | Lair:2   | Got a wavering wooden ring
 22153 | Lair:2   | Identified the ring "Xaise" {MP+9 Dex+2} (You found it on level 2 of the Lair of Beasts)
 22593 | Lair:3   | Reached skill level 15 in Fighting
 22593 | Lair:3   | Reached XP level 15. HP: 104/141 MP: 21/21
 22598 | Lair:3   | Received a gift from Okawaru
 22598 | Lair:3   | Reached skill level 10 in Invocations
 22906 | Lair:3   | Noticed Maud
 22919 | Lair:3   | Killed Maud
 23305 | Lair:3   | Identified Soinaxi's Tome of Shifting Envenoming
 25173 | Lair:5   | Found a staircase to the Shoals.
 25205 | Lair:5   | Received a gift from Okawaru
 25836 | Lair:6   | Found a staircase to the Snake Pit.
 26513 | Lair:6   | Reached skill level 15 in Shields
 27260 | Lair:7   | Learned a level 2 spell: Blink
 27839 | Lair:8   | Entered Level 8 of the Lair of Beasts
 27871 | Lair:8   | Received a gift from Okawaru
 27886 | Lair:8   | Found a runed door.
 27886 | Lair:8   | Found a viscous altar of Jiyva.
 27888 | Lair:8   | Found a staircase to the Slime Pits.
 27927 | Lair:8   | Reached skill level 16 in Fighting
 27931 | Lair:8   | Received a gift from Okawaru
 28228 | Lair:8   | Reached XP level 16. HP: 151/151 MP: 23/23
 28501 | Lair:8   | Reached skill level 15 in Axes
 28507 | Lair:8   | Found a runed door.
 29764 | Orc:1    | Entered Level 1 of the Orcish Mines
 29826 | Orc:2    | Entered Level 2 of the Orcish Mines
 29836 | Orc:2    | Noticed Malvoorn's ghost (journeyman TrMo)
 29858 | Orc:2    | Killed Malvoorn's ghost
 30184 | Orc:2    | Found Dusiphif's Distillery.
 30211 | Orc:2    | Found Duezal's General Store.
 30550 | Orc:2    | Received a gift from Okawaru
 30592 | Orc:2    | Mangled by an orc warrior

Skill      XL: |  1  2  3  4  5  6  7  8  9 10 11 12 13 14 15 16 |
---------------+-------------------------------------------------+-----
Armour         | 4 5 6 8 9 10 11 12 13 | 13.7
Dodging        | 1 |  1.2
Fighting       | 4 6 8 9 10 12 13 15 16 | 16.6
Shields        | 4 5 6 7 8 9 11 12 13 14 15 | 15.5
Axes           | 3 4 6 7 8 9 10 11 12 13 14 15 | 15.8
Invocations    | 1 2 4 5 6 7 8 9 10 11 | 11.0
Maces & Flails | 3 5 6 |  6.5
Throwing       | 2 4 6 7 8 9 |  9.4
Evocations     | 1 |  1.6

Action                   |  1- 3 |  4- 6 |  7- 9 | 10-12 | 13-15 | 16-18 || total
-------------------------+-------+-------+-------+-------+-------+-------++-------
Melee: War axe           |   114 |    74 |   103 |       |       |       ||   291
       Headbutt          |    13 |    16 |    54 |   126 |   346 |   104 ||   659
       Kick              |       |     3 |    74 |   173 |    21 |       ||   271
       Mace              |       |       |   106 |   548 |   675 |    13 ||  1342
       Broad axe         |       |       |       |       |   610 |   363 ||   973
       Demon whip        |       |       |       |       |     7 |    21 ||    28
Throw: Tomahawk          |       |       |       |       |     7 |       ||     7
Invok: Heroism           |       |       |     3 |     4 |    10 |     3 ||    20
       Finesse           |       |       |       |     2 |     4 |     3 ||     9
 Abil: Evoke Flight      |       |       |       |       |     2 |       ||     2
Evoke: Wand              |       |       |       |     4 |     9 |       ||    13
  Use: Scroll            |       |     2 |     2 |    16 |    14 |     1 ||    35
       Potion            |       |     6 |     2 |    11 |     5 |     7 ||    31
 Stab: Paralysed         |       |       |     1 |       |     3 |       ||     4
       Confused          |       |       |       |       |     3 |       ||     3
  Eat: Chunk             |     2 |     8 |    12 |    14 |    28 |     8 ||    72
       Beef jerky        |       |       |     1 |     2 |       |       ||     3
       Meat ration       |       |       |       |     1 |     4 |       ||     5
       Pizza             |       |       |       |     1 |     1 |     1 ||     3
       Royal jelly       |       |       |       |       |     2 |       ||     2
       Fruit             |       |       |       |       |     1 |       ||     1
Armor: Scale mail        |    62 |       |       |       |       |       ||    62
       Chain mail        |     9 |    11 |       |       |       |       ||    20
       Plate armour      |       |    21 |    95 |   265 |   412 |   117 ||   910
       Skin              |       |       |       |     8 |     4 |       ||    12
Dodge: Dodged            |    37 |    19 |    40 |   109 |   218 |    87 ||   510
Block: Shield            |    71 |    40 |   113 |   370 |   969 |   307 ||  1870
